 Dungeon Crawl Stone Soup version 0.22-a0-278-g8f80174 (webtiles) character file.

388067 torrenera the Executioner (level 23, -12/218 HPs)
             Began as a Hill Orc Fighter on Mar 13, 2018.
             Was the Champion of Qazlal.
             Mangled by a vampire knight
             ... wielding a +2 great mace of distortion
              (27 damage)
             ... on level 3 of the Vaults on Mar 15, 2018.
             The game lasted 02:36:20 (53834 turns).

torrenera the Executioner (Hill Orc Fighter)       Turns: 53834, Time: 02:36:21

Health: -12/218    AC: 28    Str: 26    XL:     23   Next: 4%
Magic:  38/38      EV: 30    Int:  8    God:    Qazlal [******]
Gold:   2678       SH:  8    Dex: 18    Spells: 14/22 levels left

rFire    + + +     SeeInvis .   U - +8 battleaxe "Sepreb" {flame, rF+ MR+}
rCold    + . .     Gourm    .   (shield currently unavailable)
rNeg     . . .     Faith    .   a - +4 plate armour {rC+}
rPois    .         Spirit   .   j - +0 helmet
rElec    .         Reflect  .   l - +1 cloak {+Inv}
rCorr    .         Harm     .   I - +0 pair of gloves
MR       +++..                  b - +0 pair of boots
Stlth    ..........             u - amulet of the acrobat
HPRegen  0.46/turn              y - ring of protection from magic
MPRegen  0.26/turn              c - ring "Puniyschoso" {rF++ Dex+5}

@: about to teleport, very slightly contaminated, heavily drained, repel
missiles
A: no striking features
}: 2/15 runes: decaying, serpentine
a: Upheaval, Elemental Force, Disaster Area, Renounce Religion, Evoke
Invisibility


You were on level 3 of the Vaults.
You worshipped Qazlal.
Qazlal was exalted by your worship.
You were not hungry.

You visited 8 branches of the dungeon, and saw 39 of its levels.
You also visited: Sewer and Volcano.

You collected 3995 gold pieces.
You spent 1317 gold pieces at shops.

Inventory:

Hand Weapons
 g - a +1 executioner's axe of flaming
 U - the +8 battleaxe "Sepreb" (weapon) {flame, rF+ MR+}
   (You found it on level 6 of the Lair of Beasts)

   It has been specially enchanted to burn those struck by it, causing extra
   injury to most foes and up to half again as much damage against particularly
   susceptible opponents.
   Big, fiery blades are also staple armaments of hydra-hunters.
   It protects you from fire.
   It affects your resistance to hostile enchantments.
 V - a +2 arbalest of freezing
Missiles
 k - 43 tomahawks (quivered)
 v - 726 bolts
 B - 7 javelins of penetration
Armour
 a - a +4 plate armour of cold resistance (worn)
 b - a +0 pair of boots (worn)
 j - a +0 helmet (worn)
 l - a +1 cloak of invisibility (worn)
 I - a +0 pair of gloves (worn)
Jewellery
 c - the ring "Puniyschoso" (right hand) {rF++ Dex+5}
   (You found it on level 12 of the Dungeon)

   [ring of dexterity]

   It affects your dexterity (+5).
   It greatly protects you from fire.
 e - an uncursed ring of poison resistance
 u - an amulet of the acrobat (around neck)
 y - a ring of protection from magic (left hand)
 M - an uncursed ring of magical power
Wands
 h - a wand of clouds (5)
 z - a wand of acid (9)
 F - a wand of disintegration (22)
 O - a wand of iceblast (44)
 S - a wand of polymorph (16)
 X - a wand of scattershot (2)
 Y - a wand of digging (12)
Scrolls
 i - 14 scrolls of teleportation
 m - a scroll of enchant armour
 p - 9 scrolls of magic mapping
 r - 19 scrolls of remove curse
 s - 6 scrolls of fear
 t - 4 scrolls of blinking
 w - 2 scrolls of vulnerability
 C - a scroll of silence
 G - 6 scrolls of immolation
 K - 7 scrolls of fog
 P - 2 scrolls of summoning
 Q - 3 scrolls of torment
 W - 6 scrolls of identify
Potions
 o - 6 potions of agility
 q - 3 potions of flight
 x - 13 potions of curing
 A - 6 potions of heal wounds
 E - 5 potions of lignification
 H - 3 potions of berserk rage
 J - 3 potions of haste
 L - 4 potions of ambrosia
 N - 3 potions of magic
 R - a potion of might
 T - 2 potions of invisibility
Miscellaneous
 d - a phantom mirror
 n - a lightning rod (4/4)
 D - a sack of spiders
Comestibles
 f - 68 rations


   Skills:
 + Level 20.8(19.0) Fighting
 + Level 25.8(23.8) Axes
 + Level 16.2(14.5) Armour
 - Level 12.7(11.1) Dodging
   Level 3.2(2.0) Shields
 * Level 22.5(20.6) Invocations


You had 14 spell levels left.
You knew the following spells:

 Your Spells              Type           Power        Failure   Level  Hunger
a - Song of Slaying       Chrm           #.......     99%         2    ###....
b - Regeneration          Chrm/Necr      #.........   100%        3    ####...
c - Spectral Weapon       Hex/Chrm       #.......     100%        3    ####...


Dungeon Overview and Level Annotations

Branches:
Dungeon (15/15)            Temple (0/1) D:5            Lair (6/6) D:9
  Swamp (4/4) Lair:4        Snake (4/4) Lair:3        Slime (0/5) Lair:6
    Orc (2/2) D:10            Elf (2/3) Orc:2        Vaults (5/5) D:14
  Crypt (1/3) Vaults:3     Depths (0/5) D:15

Altars:
Cheibriados
Dithmenos
Fedhas
Gozag
Makhleb
Okawaru
Qazlal
Ru
Sif Muna
Trog
Uskayaw
Zin
The Shining One
Beogh
Jiyva

Shops:
D:5 %   D:7 :}[   D:9 *   D:10 [   Orc:1 ?   Orc:2 }:*:   Snake:2 (
Snake:3 ?}   Snake:4 [

Portals:
Trove: Vaults:1 (lose all piety)

Annotations:
Crypt:1 Sojobo


Message History

Things that are here:
an uncursed battleaxe of electrocution; a +0 battleaxe of freezing
Items here: )) [[ an enchanted long sword; a plate armour; a great mace of flaming fire dragon scales Lightning from the thunderstorm strikes something you cannot see.
There is a staircase back to the Vaults here.
Something closely misses you. Something bites you but does no damage.
Something hits you but does no damage. Space warps horribly around you!
* * * LOW HITPOINT WARNING * * *
Something bites you.
* * * LOW HITPOINT WARNING * * *
Something draws strength from your injuries!
You climb upwards.
Welcome back to the Vaults!
There is a staircase to the Crypt here.
You start resting.
Something hits you!!
* * * LOW HITPOINT WARNING * * *
You feel strangely unstable. Something bites you but does no damage.
You start resting.
Something hits you!!
You die...

#..>[..# #..##..##. #.)[[..#
###..##..# #......#
###..##..# ####'#+#'##
#..##..##. ########.........#
#..##..##. ≈≈...≈≈#..#####..#
###.)##..# ≈≈...≈≈#.##...##.#
#[[##..#
.......#.#.§.§.#.#####)######
.......#.#..@..#.##...)[[..#
.......'.#..§§.#.##....))[.#
≈≈.[.≈≈#.##.§§##.##...[....#
≈≈...≈≈#..#.#.#..##..<.....#
########..#...#..##........#
#.##...##.##........#
#.#.....#.###########
#.........# ###########


There were no monsters in sight!

Vanquished Creatures
  Mara (Swamp:3)
  Saint Roka (Snake:2)
  Margery (Crypt:1)
  A bone dragon (Vaults:3)
  Jory (Vaults:2)
  Nikola (Elf:1)
  Jorgrun (Swamp:4)
  A tentacled monstrosity (Vaults:3)
  A deep elf blademaster (Elf:2)
  A titan (Vaults:3)
  Agnes (D:14)
  2 sphinxes (Vaults:3)
  Kirke (Snake:4)
  4 thorn hunters
  A storm dragon (Vaults:3)
  Donald (Swamp:4)
  14 nagarajas
  2 revenants (Crypt:1)
  2 frost giants
  Roxanne (Swamp:4)
  14 vault wardens
  A deep elf sorcerer (Vaults:4)
  An orc warlord (D:10)
  Louise (Swamp:1)
  Aizul (Snake:4)
  A ghoul (Swamp:3)
  19 ironheart preservers
  4 stone giants
  3 entropy weavers
  Azrael (Elf:1)
  A deep elf demonologist (Vaults:4)
  A deep elf annihilator (Vaults:3)
  Snorg (D:11)
  4 deep elf death magi
  4 ettins
  A jiangshi (Crypt:1)
  13 ogre magi
  2 fire dragons
  3 yaktaur captains
  Erolcha (D:9)
  2 rakshasas (Vaults:1)
  8 naga warriors
  5 ice dragons
  31 vault guards
  2 ghost crabs
  2 great orbs of eyes
  Harold (Orc:1)
  5 centaur warriors
  33 two-headed ogres
  17 hydras
  A death knight (Crypt:1)
  4 alligators
  Erica (D:10)
  4 anacondas
  A deep troll shaman (Vaults:4)
  2 tengu warriors (D:15)
  3 deep troll earth magi
  20 dancing weapons
  A vampire mage (Crypt:1)
  4 shock serpents
  21 death yaks
  11 naga sharpshooters
  15 deep elf knights
  A soul eater (Crypt:1)
  2 orc high priests
  A fire crab (shapeshifter) (Vaults:4)
  3 hell knights (Crypt:1)
  4 skeletal warriors (Crypt:1)
  2 flayed ghosts
  A spriggan druid (Swamp:3)
  A shadow wraith (Vaults:4)
  2 salamander mystics
  8 deep trolls
  10 swamp dragons
  2 large abominations (Elf:1)
  2 glowing orange brains
  2 unseen horrors (D:12)
  2 wizards
  4 naga ritualists
  2 phantasmal warriors (Crypt:1)
  24 ironbrand convokers
  A shambling mangrove (Swamp:3)
  5 deep elf archers
  A tengu skeleton (Vaults:4)
  11 mana vipers
  6 necromancers
  18 orc knights
  5 cyclopes
  25 ugly things
  5 orc sorcerers
  47 deep elf magi
  A human zombie (Vaults:4)
  2 oklob plants
  A manticore (D:13)
  4 elephants
  15 salamanders
  A guardian serpent (shapeshifter) (Vaults:3)
  15 vault sentinels
  2 centaur zombies
  3 guardian serpents (Snake:3)
  A shock serpent zombie (Crypt:1)
  31 black mambas
  12 naga magi
  An elephant (shapeshifter) (Vaults:4)
  4 centaur skeletons
  A gargoyle (D:10)
  A torpor snail (Lair:6)
  A molten gargoyle (Volcano)
  15 spiny frogs
  11 komodo dragons
  3 kobold demonologists
  14 yaktaurs
  6 rime drakes
  6 freezing wraiths
  13 trolls
  2 tengu conjurers (D:15)
  A merfolk (shapeshifter) (Vaults:3)
  12 bog bodies
  19 hornets
  8 polar bears
  2 tyrant leeches
  10 slime creatures
  8 blink frogs
  7 dream sheep
  9 hippogriffs
  A centaur simulacrum (D:15)
  4 flying skulls (Crypt:1)
  2 redbacks
  A tarantella (shapeshifter) (Vaults:3)
  3 shadows
  Sigmund (D:4)
  2 vampires
  A water elemental (Elf:2)
  3 wraiths
  3 air elementals
  23 spriggans
  29 yaks
  4 wyverns
  4 fire elementals (Elf:1)
  3 hungry ghosts
  A fire bat (Volcano)
  5 basilisks
  A yaktaur simulacrum (Vaults:1)
  6 hogs
  2 humans
  15 vampire mosquitoes
  6 wargs
  55 nagas
  20 swamp worms
  13 water moccasins
  5 insubstantial wisps (Swamp:3)
  7 acid dragons
  5 hell hounds
  12 porcupines
  7 swamp drakes
  30 orc warriors
  4 sky beasts
  48 ogres
  An ice beast (D:9)
  7 black bears
  An eye of draining (D:11)
  6 necrophages
  31 wolves
  21 boggarts
  29 centaurs
  12 crocodiles
  4 elf zombies (Elf:1)
  A gnoll sergeant (D:10)
  12 bullfrogs
  5 big kobolds
  5 earth elementals
  2 glowing shapeshifter simulacra (Vaults:4)
  15 killer bees
  7 scorpions
  2 howler monkeys
  9 wights
  A bullfrog zombie (D:7)
  9 crimson imps
  A human simulacrum (Vaults:1)
  7 hounds
  8 jellies
  9 orc wizards
  2 bullfrog skeletons
  A soldier ant zombie (Crypt:1)
  17 orc priests
  A gnoll shaman (D:4)
  An iguana (D:10)
  A hell rat (Lair:6)
  12 worker ants
  3 hound skeletons
  A howler monkey skeleton (D:5)
  14 adders
  16 gnolls
  6 river rats (Sewer)
  A scorpion zombie (Crypt:1)
  5 shadow imps
  2 oozes
  2 adder skeletons
  An adder zombie (D:5)
  4 worms
  2 dart slugs (D:2)
  6 leopard geckos
  85 orcs
  5 bats
  6 giant cockroaches
  5 goblins
  3 hobgoblins
  9 jackals
  A quokka (D:11)
  7 ball pythons (Sewer)
  13 frilled lizards
  A jackal skeleton (D:5)
  43 kobolds
  A leopard gecko skeleton (D:4)
  A quokka zombie (D:9)
  23 rats
  2 bushes (Lair:4)
  A fungus (Lair:2)
  2 plants
1586 creatures vanquished.

Vanquished Creatures (collateral kills)
  A lich (Vaults:1)
  2 hornets (Swamp:3)
  2 spriggans (Swamp:3)
  A swamp worm (Swamp:3)
6 creatures vanquished.

Vanquished Creatures (others)
  A two-headed ogre (Volcano)
  A hell hog (Volcano)
  A deep elf mage (Elf:1)
  A black mamba (Snake:4)
  2 swamp worms
  An orc warrior (Vaults:3)
  2 briar patches (Swamp:4)
  23 fungi
  7 plants
39 creatures vanquished.

Grand Total: 1631 creatures vanquished

Notes
Turn   | Place    | Note
-------+----------+-------------------------------------------
     0 | D:1      | torrenera the Hill Orc Fighter began the quest for the Orb.
     0 | D:1      | Reached XP level 1. HP: 19/19 MP: 1/1
    73 | D:1      | Reached skill level 3 in Axes
    78 | D:1      | Reached XP level 2. HP: 20/27 MP: 2/2
   761 | D:1      | Reached skill level 4 in Axes
   761 | D:1      | Reached XP level 3. HP: 33/33 MP: 3/3
  1166 | D:2      | Found a blossoming altar of Fedhas.
  1317 | D:2      | Reached XP level 4. HP: 31/40 MP: 4/4
  1340 | D:2      | Reached skill level 5 in Axes
  1894 | D:3      | Found a stormy altar of Qazlal.
  1917 | D:3      | Became a worshipper of Qazlal Stormbringer
  2004 | D:3      | Found a sacrificial altar of Ru.
  2167 | D:3      | Reached skill level 6 in Axes
  2411 | D:3      | Found a glowing drain.
  2426 | D:3      | Reached XP level 5. HP: 47/47 MP: 5/5
  2433 | Sewer    | Entered a sewer
  2497 | Sewer    | Noticed a big kobold
  2521 | Sewer    | Killed a big kobold
  2521 | Sewer    | Reached skill level 7 in Axes
  2711 | Sewer    | Reached XP level 6. HP: 32/53 MP: 6/6
  2957 | Sewer    | Reached * piety under Qazlal
  3581 | Sewer    | Reached ** piety under Qazlal
  3995 | D:4      | Found a glowing silver altar of Zin.
  4012 | D:4      | Noticed Sigmund
  4028 | D:4      | Killed Sigmund
  4028 | D:4      | Reached skill level 5 in Fighting
  4028 | D:4      | Reached skill level 8 in Axes
  4028 | D:4      | Reached XP level 7. HP: 57/61 MP: 7/7
  4061 | D:4      | Reached skill level 9 in Axes
  4614 | D:4      | Reached skill level 10 in Axes
  5200 | D:5      | Entered Level 5 of the Dungeon
  5290 | D:5      | Found a staircase to the Ecumenical Temple.
  5308 | D:5      | Reached XP level 8. HP: 65/69 MP: 8/8
  5475 | D:5      | Found Uxiphet's Food Shoppe.
  5491 | D:5      | Reached skill level 11 in Axes
  5786 | D:6      | Found an opulent altar of Gozag.
  6259 | D:6      | Reached skill level 12 in Axes
  6607 | D:7      | Found Ciw Lub's Gadget Boutique.
  6638 | D:7      | Found Vecoup's Armour Shoppe.
  6653 | D:7      | Reached skill level 13 in Axes
  6653 | D:7      | Reached XP level 9. HP: 75/75 MP: 9/9
  6780 | D:7      | Found a bloodstained altar of Trog.
  6804 | D:7      | Reached *** piety under Qazlal
  6948 | D:7      | Found Zorez's Book Boutique.
  7046 | D:7      | Found an iron altar of Okawaru.
  7085 | D:7      | Reached skill level 14 in Axes
  7131 | D:7      | Found a snail-covered altar of Cheibriados.
  7921 | D:7      | Reached skill level 15 in Axes
  8029 | D:8      | Found a stormy altar of Qazlal.
  8176 | D:8      | Found a deep blue altar of Sif Muna.
  8479 | D:8      | Reached XP level 10. HP: 72/86 MP: 10/10
  8560 | D:8      | Found a burning altar of Makhleb.
  8571 | D:8      | Found a shadowy altar of Dithmenos.
  8989 | D:8      | Reached skill level 16 in Axes
  9172 | D:9      | Found Olaekk's Assorted Antiques.
  9522 | D:9      | Noticed a two-headed ogre
  9641 | D:9      | Reached **** piety under Qazlal
  9809 | D:9      | Noticed a two-headed ogre
  9815 | D:9      | Killed a two-headed ogre
  9815 | D:9      | Reached skill level 17 in Axes
  9865 | D:9      | Noticed Erolcha
  9882 | D:9      | Killed Erolcha
 10233 | D:9      | Found a hide-covered altar of Uskayaw.
 10250 | D:9      | Killed a two-headed ogre
 10250 | D:9      | Reached XP level 11. HP: 60/99 MP: 11/11
 10348 | D:9      | Found a staircase to the Lair.
 10369 | D:9      | Reached skill level 5 in Armour
 10376 | D:9      | Reached skill level 10 in Fighting
 11003 | D:10     | Entered Level 10 of the Dungeon
 11197 | D:10     | Reached ***** piety under Qazlal
 11297 | D:10     | Found a roughly hewn altar of Beogh.
 11297 | D:10     | Found a staircase to the Orcish Mines.
 11435 | D:10     | Found Asagh's Antique Armour Emporium.
 11531 | D:10     | Reached skill level 1 in Invocations
 11938 | D:11     | Noticed Erica
 12204 | D:10     | Killed Erica
 12483 | D:11     | Noticed Snorg
 12953 | Lair:1   | Entered Level 1 of the Lair of Beasts
 13053 | Lair:1   | Noticed a four-headed hydra
 13213 | D:9      | Killed a four-headed hydra
 13213 | D:9      | Reached skill level 10 in Armour
 13213 | D:9      | Reached XP level 12. HP: 106/106 MP: 4/15
 13428 | Lair:1   | Found a dark tunnel.
 13440 | Volcano  | Entered a volcano
 13474 | Volcano  | Noticed a two-headed ogre
 13475 | Volcano  | Noticed a hell hog
 13479 | Volcano  | Noticed a two-headed ogre
 13481 | Volcano  | Killed a two-headed ogre
 13488 | Volcano  | Noticed a two-headed ogre
 13488 | Volcano  | Killed a hell hog
 13498 | Volcano  | Killed a two-headed ogre
 13502 | Volcano  | Reached skill level 5 in Invocations
 13506 | Volcano  | Killed a two-headed ogre
 14668 | Lair:2   | Reached skill level 18 in Axes
 14888 | Lair:2   | Reached skill level 19 in Axes
 15104 | Lair:2   | Noticed a death yak
 15106 | Lair:2   | Noticed a death yak
 15107 | Lair:2   | Noticed a death yak
 15107 | Lair:2   | Noticed a death yak
 15108 | Lair:2   | Noticed a death yak
 15122 | Lair:2   | Killed a death yak
 15122 | Lair:2   | Reached XP level 13. HP: 85/113 MP: 18/18
 15458 | Lair:2   | Reached skill level 20 in Axes
 16082 | Lair:3   | Found a staircase to the Snake Pit.
 17244 | Lair:4   | Found a staircase to the Swamp.
 17700 | Lair:5   | Reached ****** piety under Qazlal
 17713 | Lair:5   | Reached skill level 21 in Axes
 19254 | Lair:6   | Entered Level 6 of the Lair of Beasts
 19258 | Lair:6   | Found a runed door.
 19259 | Lair:6   | Found a viscous altar of Jiyva.
 19262 | Lair:6   | Found a staircase to the Slime Pits.
 19315 | Lair:6   | Reached XP level 14. HP: 121/121 MP: 20/20
 19324 | Lair:6   | Reached skill level 22 in Axes
 20048 | Lair:6   | Reached skill level 1 in Dodging
 20110 | Lair:6   | Reached skill level 10 in Invocations
 20361 | Lair:6   | Paralysed by a hornet for 2 turns
 21039 | Lair:6   | Got an ancient battleaxe
 21040 | Lair:6   | Identified the +8 battleaxe "Sepreb" {flame, rF+ MR+} (You found it on level 6 of the Lair of Beasts)
 21448 | Lair:2   | Reached XP level 15. HP: 126/126 MP: 23/23
 21543 | D:11     | Killed Snorg
 22019 | D:12     | Found a bloodstained altar of Trog.
 22239 | D:12     | Got a heavily runed silver ring
 22241 | D:12     | Identified the ring "Puniyschoso" {rF++ Dex+5} (You found it on level 12 of the Dungeon)
 22385 | D:12     | Reached XP level 16. HP: 124/134 MP: 24/24
 23066 | D:14     | Noticed Agnes
 23083 | D:14     | Killed Agnes
 23908 | D:14     | Found a gate to the Vaults.
 24086 | D:15     | Entered Level 15 of the Dungeon
 24656 | D:15     | Found a snail-covered altar of Cheibriados.
 25116 | D:15     | Found a staircase to the Depths.
 25679 | Swamp:1  | Entered Level 1 of the Swamp
 25684 | Swamp:1  | Noticed Louise
 25698 | Lair:4   | Reached skill level 10 in Dodging
 25724 | Swamp:1  | Killed Louise
 26314 | Swamp:1  | Reached skill level 15 in Invocations
 27422 | Swamp:2  | Reached XP level 17. HP: 140/140 MP: 28/28
 27669 | Swamp:3  | Noticed Mara
 27831 | Swamp:3  | Noticed torrenera's illusion
 28696 | Swamp:3  | Noticed torrenera's illusion
 29239 | Swamp:3  | Got a translucent lead ring
 29240 | Swamp:3  | Identified the ring of Joy {Str+5 Int-3 Stlth+} (You found it on level 3 of the Swamp)
 29264 | Swamp:3  | Killed Mara
 29693 | Swamp:4  | Entered Level 4 of the Swamp
 30602 | Swamp:4  | Noticed Jorgrun
 30605 | Swamp:4  | Killed Jorgrun
 30616 | Swamp:4  | Noticed Donald
 30642 | Swamp:4  | Killed Donald
 31041 | Swamp:4  | Noticed Roxanne
 31058 | Swamp:4  | Killed Roxanne
 31243 | Swamp:4  | Reached XP level 18. HP: 39/148 MP: 31/31
 31625 | Swamp:4  | Got a decaying rune of Zot
 32217 | Snake:1  | Entered Level 1 of the Snake Pit
 32810 | Snake:1  | Found a glowing golden altar of the Shining One.
 34703 | Snake:2  | Found Ypriv's Antique Weapon Boutique.
 35089 | Snake:3  | Noticed Saint Roka
 35105 | Snake:3  | HP: 7/148 [Saint Roka/divine providence (15)]
 35592 | Snake:2  | Killed Saint Roka
 36689 | Snake:3  | Found Neuganyi's Gadget Shoppe.
 36689 | Snake:3  | Found Yrubequrgh's Magic Scroll Emporium.
 36704 | Snake:3  | Bought a scroll of identify for 28 gold pieces
 36704 | Snake:3  | Bought a scroll of identify for 28 gold pieces
 36704 | Snake:3  | Bought a scroll of blinking for 105 gold pieces
 36704 | Snake:3  | Bought a scroll of enchant armour for 105 gold pieces
 37190 | Snake:4  | Entered Level 4 of the Snake Pit
 37202 | Snake:4  | Noticed Aizul
 37659 | Snake:4  | Noticed Kirke
 37669 | Snake:4  | Killed Kirke
 37669 | Snake:4  | Reached skill level 23 in Axes
 37696 | Snake:4  | Killed Aizul
 37736 | Snake:4  | Reached XP level 19. HP: 106/158 MP: 33/33
 38433 | Snake:4  | Found Zuregh's Armour Shop.
 39727 | Snake:4  | Got a serpentine rune of Zot
 40223 | Orc:1    | Entered Level 1 of the Orcish Mines
 40223 | Orc:1    | Found Gakkaiq's Magic Scroll Shoppe.
 40223 | Orc:1    | Noticed Harold
 40229 | Orc:1    | Killed Harold
 40822 | Orc:1    | Bought a scroll of acquirement for 676 gold pieces
 40822 | Orc:1    | Bought a scroll of fear for 45 gold pieces
 40822 | Orc:1    | Bought a scroll of enchant armour for 97 gold pieces
 40822 | Orc:1    | Bought a scroll of teleportation for 39 gold pieces
 40822 | Orc:1    | Bought a scroll of silence for 97 gold pieces
 40822 | Orc:1    | Bought a scroll of enchant weapon for 97 gold pieces
 41064 | Orc:2    | Entered Level 2 of the Orcish Mines
 41304 | Orc:2    | Found Zammool's General Store.
 41305 | Orc:2    | Found Zaremaeg's Book Shop.
 41312 | Orc:2    | Found Ololeh's Book Emporium.
 41312 | Orc:2    | Found a staircase to the Elven Halls.
 41321 | Orc:2    | Found Ziuleb's Gadget Shop.
 41873 | Elf:1    | Entered Level 1 of the Elven Halls
 42041 | Elf:1    | Noticed Nikola
 42080 | Elf:1    | Killed Nikola
 42238 | Elf:1    | Reached skill level 15 in Fighting
 42608 | Elf:1    | Noticed Azrael
 42619 | Elf:1    | Killed Azrael
 42623 | Elf:1    | Reached XP level 20. HP: 163/178 MP: 34/34
 42842 | Elf:1    | Identified the Volume of Stolen Souls
 43397 | Elf:2    | Found a runed gate.
 43409 | Elf:2    | Found a runed gate.
 43410 | Elf:2    | Found a runed gate.
 43726 | Elf:2    | Upgraded the game from 0.22-a0-274-gf8199ec to 0.22-a0-278-g8f80174
 45104 | Vaults:1 | Entered Level 1 of the Vaults
 45182 | Vaults:1 | Learned a level 2 spell: Song of Slaying
 45186 | Vaults:1 | Learned a level 3 spell: Regeneration
 45190 | Vaults:1 | Learned a level 3 spell: Spectral Weapon
 46379 | Vaults:1 | Found a portal to a secret trove of treasure.
 46739 | Vaults:2 | Reached skill level 15 in Armour
 46769 | Vaults:2 | Reached XP level 21. HP: 165/193 MP: 35/35
 46846 | Vaults:2 | Reached skill level 24 in Axes
 47370 | Vaults:2 | Noticed Jory
 48029 | Vaults:2 | Killed Jory
 49309 | Vaults:3 | Found a staircase to the Crypt.
 49309 | Vaults:3 | Noticed a bone dragon
 49325 | Vaults:3 | Killed a bone dragon
 50414 | Vaults:4 | Reached XP level 22. HP: 146/206 MP: 36/36
 50868 | Vaults:4 | Reached skill level 25 in Axes
 52992 | Vaults:5 | Entered Level 5 of the Vaults
 53267 | Crypt:1  | Entered Level 1 of the Crypt
 53426 | Crypt:1  | Noticed Margery
 53437 | Crypt:1  | Killed Margery
 53667 | Crypt:1  | Reached XP level 23. HP: 210/217 MP: 38/38
 53769 | Crypt:1  | Noticed Sojobo
 53816 | Crypt:1  | HP: 7/218 [eidolon/bolt of negative energy (14)]
 53834 | Vaults:3 | Mangled by a vampire knight

Vault maps used:
D:1:      minmay_arrival_jagged
D:2:      overflow_temple_1_default
D:3:      old_standard_altar, cheibrodos_sewer_entry_bend,
          grunt_qazlal_sundering
D:4:      kennysheep_little_box, first_ration, uniq_sigmund
D:5:      minmay_temple_entry_glassed_door, serial_shops, shop
D:6:      grunt_gozag_statues
D:7:      lemuel_round_altar, marbit_many_paths, slow_altar_2, serial_shops,
          shop, shop, nicolae_shop_competitors_out_of_business,
          solitary_fountain
D:8:      nicolae_overflow_quartered_altars, grunt_livestock
D:9:      minmay_cornered_nines, eat_drink_and_be_merry_uskayaw,
          dpeg_oklobed_lair, serial_shops, kennysheep_mini_moat, uniq_erolcha
D:10:     david_orc_5, serial_shops, nicolae_shop_waterfront
D:11:     kennysheep_decorative_pillar, grunt_ministairs_9, uniq_snorg,
          uniq_erica
D:12:     trog_ov_bears_minmay
D:14:     erik_vaults_2, hex_medium, uniq_agnes
D:15:     grunt_enter_depths_hoard, cheibriados_altar_1
Lair:1:   nicolae_volcano_entry_two_sided
Lair:2:   portal_ice_cave_rime, minivault_19, beast_lair_carwin_6
Lair:3:   minmay_snake_entry_guardpost_small, minivault_25,
          serial_bayou_crossing
Lair:4:   minmay_swamp_entry_worms, minmay_lair_oklob_bushes
Lair:5:   st_stairs_8, beast_lair_carwin_11
Lair:6:   minmay_lair_end_enchanted_forest, slime_altar_2
Swamp:1:  hangedman_swamp_ruin_wall, nicolae_swamp_feature_on_the_river_bank,
          uniq_louise
Swamp:2:  evilmike_swamp_ruin_rubble_2
Swamp:3:  evilmike_swamp_ruin_rubble_1, swamp_pool4, hangedman_swamp_ravenous,
          uniq_mara
Swamp:4:  swamp_alternative, swamp_pool4, uniq_roxanne, uniq_jorgrun,
          uniq_donald
Snake:1:  lemuel_oklob_altar
Snake:2:  serial_shops, shop, nicolae_snake_squiggles, library_closet,
          serial_bayou_shore_b
Snake:3:  nrook_guardian_serpent_ordinary, grunt_megastairs_3, minmay_shoptagon,
          uniq_saint_roka
Snake:4:  minmay_snake_end_coiled, serial_shops, nicolae_shop_crystal,
          uniq_aizul, uniq_kirke
Orc:1:    serial_shops, shop, elf_legates, uniq_harold
Orc:2:    st_orc_open
Elf:1:    eino_elf_arrival_customs, minmay_elf_necromancy,
          roderic_roman_lattice, uniq_azrael, uniq_nikola
Vaults:1: nicolae_vaults_network_barrier, v_misc_30, st_diamondy,
          nicolae_vaults_little_squares_5, nicolae_vaults_theta,
          vaults_room_ringed_pool, dpeg_vaults_monster_row,
          hangedman_vaults_stretched_pinwheel, vaults_dpeg_hooks,
          nicolae_vaults_gold_heap, nicolae_vaults_asterisk,
          nicolae_vaults_twisting_passages, enter_trove_2
Vaults:2: vaults_room_door_ring, st_spiral_rooms, hangedman_vaults_cutoff,
          hangedman_vaults_capsules, vaults_dpeg_diagonal, uniq_jory
Vaults:3: v_misc_29, vaults_mumra_minichess, nicolae_vaults_circle_grid_b,
          vaults_room_door_ring, dpeg_vaults_waves,
          minmay_crypt_entry_nasty_monster, v_misc_26, vaults_room_pools,
          v_misc_33, ontoclasm_vaults_tryst, hangedman_vaults_cutoff,
          nicolae_vaults_what_the_h, nicolae_vaults_little_squares_3,
          ontoclasm_vaults_claustrophobia
Vaults:4: nicolae_vaults_meeting, v_pattern_3, v_rooms_3, vaults_room_door_hall,
          vaults_room_large_hall, hangedman_vaults_river_flow,
          nicolae_vaults_network_star, ontoclasm_vaults_ligature,
          ontoclasm_vaults_gateway, vaults_room_octagon, hangedman_vaults_trim
Vaults:5: serial_shops
Crypt:1:  weyrava_vampire_temple, grunt_crypt_arrival_split, uniq_margery,
          uniq_sojobo
Sewer:    sewer_minmay_treatment
Volcano:  volcano_village

Skill      XL: |  1  2  3  4  5  6  7  8  9 10 11 12 13 14 15 16 17 18 19 20 21 22 |
---------------+-------------------------------------------------------------------+-----
Axes           | 3 4 6 7 8 10 13 15 17 19 21 22 23 24 25 | 25.8
Fighting       | 4 5 6 7 9 10 11 15 17 19 20 | 20.8
Armour         | 4 10 11 12 14 15 16 | 16.2
Invocations    | 4 7 8 11 15 18 20 21 22 | 22.5
Dodging        | 6 7 10 11 12 | 12.7
Shields        | |  3.2

Action                   |  1- 3 |  4- 6 |  7- 9 | 10-12 | 13-15 | 16-18 | 19-21 | 22-24 || total
-------------------------+-------+-------+-------+-------+-------+-------+-------+-------++-------
Melee: War axe           |   142 |   239 |   381 |   516 |       |       |       |       ||  1278
       Battleaxe         |       |       |       |   116 |   618 |  1047 |  1426 |   425 ||  3632
Throw: Tomahawk          |       |       |    15 |    12 |     4 |    23 |    15 |       ||    69
Invok: Upheaval          |       |       |       |     6 |     4 |    26 |    10 |     2 ||    48
       Elemental Force   |       |       |       |       |       |     1 |     1 |       ||     2
       Disaster Area     |       |       |       |       |       |     1 |       |       ||     1
Evoke: Wand              |       |       |       |     5 |       |     2 |     2 |       ||     9
  Use: Scroll            |       |     5 |       |    14 |     9 |    11 |     8 |     2 ||    49
       Potion            |       |     1 |     1 |     3 |     2 |     9 |     2 |     2 ||    20
 Stab: Distracted        |       |       |       |       |       |       |       |     2 ||     2
  Eat: Chunk             |     1 |    19 |     9 |    24 |    23 |    33 |    31 |    11 ||   151
       Ration            |       |       |       |     1 |       |     5 |     3 |       ||     9
Armor: Scale mail        |   111 |     1 |       |       |       |       |       |       ||   112
       Plate armour      |       |   177 |   232 |   254 |   272 |   463 |   382 |   160 ||  1940
Dodge: Dodged            |    78 |    78 |   151 |   179 |   231 |   747 |   711 |   231 ||  2406
       Deflected         |       |       |       |     7 |     6 |    71 |    56 |    10 ||   150
Block: Shield            |    35 |       |       |       |       |       |       |       ||    35
       Other             |       |    10 |    69 |   135 |   181 |   325 |   332 |   121 ||  1173

Table legend:
 A = Spawn XP
 B = Non-spawn XP
 C = Spawn XP percentage of total XP
 D = Spawn monster count
 E = Non-spawn monster count
 F = Spawn count percentage of total count
 G = Total turns spent on level
                    A         B        C        D         E        F      G
               +---------+---------+-------+---------+---------+-------+---------
         Total |       0 |  672124 |   0.0 |       0 |    1592 |   0.0 | 53834
               +---------+---------+-------+---------+---------+-------+---------
           D:1 |       0 |      46 |   0.0 |       0 |      27 |   0.0 |   975
           D:2 |       0 |      70 |   0.0 |       0 |      23 |   0.0 |   842
           D:3 |       0 |      50 |   0.0 |       0 |      14 |   0.0 |   719
           D:4 |       0 |     693 |   0.0 |       0 |      20 |   0.0 |  1289
           D:5 |       0 |     458 |   0.0 |       0 |      20 |   0.0 |   477
           D:6 |       0 |     231 |   0.0 |       0 |       5 |   0.0 |   593
           D:7 |       0 |    2051 |   0.0 |       0 |      41 |   0.0 |  1577
           D:8 |       0 |    2069 |   0.0 |       0 |      21 |   0.0 |  1242
           D:9 |       0 |    7307 |   0.0 |       0 |      41 |   0.0 |  2368
          D:10 |       0 |    6354 |   0.0 |       0 |      66 |   0.0 |  1578
          D:11 |       0 |    3329 |   0.0 |       0 |      25 |   0.0 |  1554
          D:12 |       0 |    7596 |   0.0 |       0 |      34 |   0.0 |   719
          D:13 |       0 |    9636 |   0.0 |       0 |      18 |   0.0 |   922
          D:14 |       0 |    8640 |   0.0 |       0 |      22 |   0.0 |   696
          D:15 |       0 |   19328 |   0.0 |       0 |      39 |   0.0 |  1360
        Lair:1 |       0 |    3134 |   0.0 |       0 |      10 |   0.0 |   943
        Lair:2 |       0 |   12183 |   0.0 |       0 |      39 |   0.0 |  1494
        Lair:3 |       0 |    5380 |   0.0 |       0 |      21 |   0.0 |  1192
        Lair:4 |       0 |    7034 |   0.0 |       0 |      25 |   0.0 |  1877
        Lair:5 |       0 |    4627 |   0.0 |       0 |      23 |   0.0 |  1227
        Lair:6 |       0 |   26505 |   0.0 |       0 |      94 |   0.0 |  1623
       Swamp:1 |       0 |    8642 |   0.0 |       0 |      21 |   0.0 |  1111
       Swamp:2 |       0 |    4606 |   0.0 |       0 |      20 |   0.0 |  1567
       Swamp:3 |       0 |   30171 |   0.0 |       0 |      55 |   0.0 |  2105
       Swamp:4 |       0 |   34078 |   0.0 |       0 |      49 |   0.0 |  1549
       Snake:1 |       0 |   18572 |   0.0 |       0 |      37 |   0.0 |  1409
       Snake:2 |       0 |   22935 |   0.0 |       0 |      33 |   0.0 |  1979
       Snake:3 |       0 |   18045 |   0.0 |       0 |      41 |   0.0 |  2356
       Snake:4 |       0 |   47809 |   0.0 |       0 |      77 |   0.0 |  1920
         Orc:1 |       0 |    4299 |   0.0 |       0 |      13 |   0.0 |   325
         Orc:2 |       0 |   17128 |   0.0 |       0 |      52 |   0.0 |   848
         Elf:1 |       0 |   27304 |   0.0 |       0 |      54 |   0.0 |  1353
         Elf:2 |       0 |   35475 |   0.0 |       0 |      48 |   0.0 |  1352
      Vaults:1 |       0 |   49605 |   0.0 |       0 |      81 |   0.0 |  1627
      Vaults:2 |       0 |   28849 |   0.0 |       0 |      55 |   0.0 |  1846
      Vaults:3 |       0 |   76059 |   0.0 |       0 |     104 |   0.0 |  2528
      Vaults:4 |       0 |   94980 |   0.0 |       0 |     134 |   0.0 |  2314
       Crypt:1 |       0 |   23274 |   0.0 |       0 |      33 |   0.0 |   410
         Sewer |       0 |     231 |   0.0 |       0 |      48 |   0.0 |  1381
       Volcano |       0 |    3341 |   0.0 |       0 |       9 |   0.0 |   582
               +---------+---------+-------+---------+---------+-------+---------
